 Dungeon Crawl Stone Soup version 0.29-a0-91-gdebf4667c2 (webtiles) character file.

Game seed: 16505745982856619735

87 YayAnonymity the Digger (level 4, -4/24 HPs)
             Began as a Gargoyle Earth Elementalist on Feb 7, 2022.
             Slain by a gnoll (5 damage)
             ... on level 3 of the Dungeon.
             The game lasted 00:05:00 (2345 turns).

YayAnonymity the Digger (GrEE)                      Turns: 2345, Time: 00:05:01

Health: -4/24      AC:  5    Str: 12    XL:     4   Next: 51%
Magic:  7/7        EV:  6    Int: 17    God:
Gold:   33         SH:  0    Dex: 10    Spells: 6/7 levels left

rFire   . . .      SeeInvis .   g - +3 dagger (drain)
rCold   . . .      Faith    .   (no shield)
rNeg    + . .      Spirit   .   b - +0 robe
rPois   ∞          Reflect  .   (no helmet)
rElec   +          Harm     .   (no cloak)
rCorr   .          Rampage  .   (no gloves)
Will    .....                   (no boots)
Stlth   ++........              (no amulet)
HPRegen 0.08/turn               (no ring)
MPRegen 0.10/turn               (no ring)

@: held
A: sickness immunity, AC +3, negative energy resistance 1, electricity
resistance, torment resistance 1, petrification resistance
a: no special abilities


You were on level 3 of the Dungeon.
You visited 1 branch of the dungeon, and saw 3 of its levels.

You collected 33 gold pieces.

Inventory:

Hand Weapons
 g - a +3 dagger of draining (weapon)
Missiles
 c - 73 stones
Armour
 b - a +0 robe (worn)
 d - a +0 pair of gloves
Scrolls
 a - 2 scrolls of identify {unknown}
 e - 4 scrolls of vulnerability {unknown}
 h - a scroll of enchant weapon {unknown}
 i - a scroll of magic mapping {unknown}
Potions
 f - a potion of curing {unknown}
 j - a potion of lignification {unknown}


   Skills:
 - Level 1.5 Dodging
 - Level 2.1 Stealth
 - Level 2.0 Spellcasting
 - Level 0.7 Transmutations
 + Level 6.2 Earth Magic


You had 6 spell levels left.
You knew the following spells:

 Your Spells              Type           Power      Damage    Failure   Level
a - Sandblast             Erth           46%        2d11      1%          1

Your spell library contained the following spells:

 Spells                   Type           Power      Damage    Failure   Level
 Passwall                 Tmut/Erth      10%        N/A       7%          2
 Stone Arrow              Conj/Erth      24%        3d8       16%         3
 Animate Skeleton         Necr           2%         N/A       19%         1
 Pain                     Necr           4%         1d4       19%         1
 Petrify                  Tmut/Erth      13%        N/A       43%         4
 Ozocubu's Armour         Ice            1%         N/A       50%         3
 Vampiric Draining        Necr           1%         2d6       50%         3
 Ozocubu's Refrigeration  Ice            0%         4d5       100%        7


Dungeon Overview and Level Annotations

Branches:
Dungeon (3/15)

Altars:

Shops:
D:1 (


Innate Abilities, Weirdness & Mutations

You are immune to sickness and miasma.
Your stone body is resilient. (AC +3)
You are immune to poison.
You resist negative energy. (rN+)
You are resistant to electric shocks. (rElec)
You are resistant to unholy torment.
You are immune to petrification.


Message History

You can't see any susceptible monsters within range! (Use Z to cast anyway.)
Casting: Sandblast (safe; 1% risk of failure)
Confirm with . or Enter, or press ? or * to list all spells.
Aiming: Sandblast (safe; 1% risk of failure)
Press: ? - help, Shift-Dir - straight line, f - orc
Aim: an orc, wielding a +0 short sword (81% to hit)
The blast of sand hits the orc!
You kill the orc!
Things that are here:
a +0 short sword; an orc corpse
Things that are here:
a +0 short sword; an orc corpse Done exploring.
Done exploring.
Things that are here:
a +0 short sword; an orc corpse
There is a stone staircase leading down here.
You climb downwards.
There is a stone staircase leading up here.
The gnoll shouts! x4; The orc shouts!
The gnoll throws a throwing net.
The throwing net hits you.
You become entangled in the net!
You stop ascending the stairs.
The gnoll barely misses you. x2
You hear a shout!
You struggle against the net.
The bat hits you but does no damage. The bat barely misses you.
The gnoll hits you with a +0 spear. The gnoll hits you with a +0 club.
The gnoll hits you with a +1 whip of electrocution!
* * * LOW HITPOINT WARNING * * *
You struggle against the net.
The bat hits you but does no damage.
The gnoll hits you with a +1 whip of electrocution.
* * * LOW HITPOINT WARNING * * *
The gnoll hits you with a +0 club.
* * * LOW HITPOINT WARNING * * *
The gnoll barely misses you.
You struggle against the net.
The bat hits you but does no damage. The gnoll hits you with a +0 club.
* * * LOW HITPOINT WARNING * * *
The gnoll hits you with a +0 club.
You die...

.# .
#####.### ..
#........ ...
###........
....#........
#..o......
#...bgg##
#..g@g.#
.....##...#
... .l...# .
##..#..#
#.......
.......#.
..### ## ###


You could see 4 gnolls, an orc, a bat and a frilled lizard.

Vanquished Creatures
  3 gnolls (D:2)
  An adder (D:1)
  3 dart slugs
  An orc (D:2)
  2 endoplasms (D:1)
  3 giant cockroaches (D:1)
  5 goblins (D:1)
  7 hobgoblins (D:1)
  2 kobolds
  2 quokkas (D:1)
  4 ball pythons (D:1)
  4 bats
  A frilled lizard (D:1)
  4 rats (D:1)
42 creatures vanquished.

Notes
Turn   | Place    | Note
-------+----------+-------------------------------------------
     0 | D:1      | YayAnonymity the Gargoyle Earth Elementalist began the
                  | quest for the Orb.
     0 | D:1      | Reached XP level 1. HP: 10/10 MP: 3/3
   124 | D:1      | Reached skill level 4 in Earth Magic
   186 | D:1      | Reached XP level 2. HP: 15/15 MP: 3/5
   289 | D:1      | Found Rigooth's Antique Weapon Boutique.
   685 | D:1      | Reached skill level 5 in Earth Magic
   685 | D:1      | Reached XP level 3. HP: 9/19 MP: 2/6
  1726 | D:1      | Reached XP level 4. HP: 20/24 MP: 7/7
  1876 | D:2      | Reached skill level 6 in Earth Magic
  2345 | D:3      | HP: 1/24 [gnoll (1)]
  2345 | D:3      | Slain by a gnoll

Illustrated notes

Levels and vault maps discovered:
D:1:      denvon_arrival_planthouse, layout_loops_ring, serial_shops,
          nicolae_shop_trees
D:2:      layout_basic
D:3:      lemuel_castle_with_subvaults [lemuel_castle_interior_carwin_2],
          layout_rooms, nemelex_dance_club_becter,
          shapermc_ecumenical_altar_acropolis

Skill      XL: |  1  2  3  4 |
---------------+-------------+-----
Earth Magic    | 4 5 6 |  6.2
Dodging        | |  1.5
Stealth        | |  2.1
Spellcasting   | |  2.0
Transmutations | |  0.7

Action                   |  1- 3 |  4- 6 || total
-------------------------+-------+-------++-------
Melee: Club              |    43 |       ||    43
       Dagger            |    35 |     9 ||    44
       Punch             |     1 |       ||     1
 Cast: Sandblast         |    24 |     6 ||    30
 Stab: Sleeping          |     1 |       ||     1
Armor: Robe              |    45 |     7 ||    52
Dodge: Dodged            |    67 |    11 ||    78

Table legend: (Time is in decaauts)
 A = Elapsed time spent in this place.
 B = Non-inter-level travel time spent in this place.
 C = Inter-level travel time spent in this place.
 D = Time resting spent in this place.
 E = Time spent auto-exploring this place.
 F = Levels seen in this place.
 G = Mean time per level.
                   A        B        C        D        E       F      G
               +--------+--------+--------+--------+--------+-----+--------+
         Total |   2360 |   2266 |     94 |    130 |   1642 |   3 |  786.7 |
       Dungeon |   2360 |   2266 |     94 |    130 |   1642 |   3 |  786.7 |
               +--------+--------+--------+--------+--------+-----+--------+

Top non-repeatable levels by time:
     D:1: 1761 daAuts
     D:2: 595 daAuts
     D:3: 3 daAuts
